Map: Tropical Sacrifice

Players

oldzergplaya

  • Race: Zerg Zerg
  • League: Diamond
  • Spawn Location: 7:00

Viaos - Winner!

  • Race: Zerg Zerg
  • Spawn Location: 1:00

VOD

Have the link to the VOD?

Description

Time

  • Played on: Sept. 24, 2022, 5:30 p.m.
  • Length: 4:13
Show
View Real Time Build Order
Export as new Build Order

oldzergplaya Zerg 

Build Orders: Hatch First 

Get SALT Encoding   

  12  0:00  Drone  
  13  0:13  Overlord  
  13  0:18  Drone  
  14  0:31  Drone x2  
  16  0:52  Hatchery  
  16  0:56  Drone  
  16  0:59  Drone  
  16  1:01  Drone  
  18  1:14  Extractor  
  18  1:17  Spawning Pool  
  16  1:20  Drone  
  16  1:23  Drone  
  18  1:29  Drone  
  19  1:39  Drone  
  20  1:50  Drone  
  21  2:02  Overlord  
  21  2:08  Queen x2  
  21  2:13  Zergling x4  
  27  2:16  Metabolic Boost  
  27  2:23  Drone  
  28  2:49  Queen  
  28  2:51  Overlord  
  30  2:53  Drone x5  
  35  3:08  Hatchery  
  34  3:17  Drone x4  
  36  3:25  Evolution Chamber  
  36  3:26  Evolution Chamber  
  34  3:29  Evolution Chamber, Spine Crawler  
  34  3:32  Spine Crawler  
  31  3:39  Spine Crawler  
  35  3:42  Zergling x4  
  35  3:44  Zergling x2  
  35  3:46  Zergling x2  
Show
View Real Time Build Order
Export as new Build Order

Viaos Zerg - Winner!

Build Orders: Hatch First 

Get SALT Encoding   

  12  0:02  Drone  
  13  0:09  Drone  
  14  0:20  Extractor  
  14  0:21  Drone, Extractor  
  13  0:22  Drone  
  16  0:46  Hatchery  
  15  0:52  Extractor  
  14  1:01  Spawning Pool  
  13  1:05  Drone  
  14  1:14  Drone, Extractor  
  15  1:20  Overlord  
  15  1:48  Queen  
  15  1:49  Zergling x2  
  15  1:51  Metabolic Boost  
  15  1:53  Zergling x2  
  19  1:56  Zergling x2  
  20  2:01  Zergling x2  
  20  2:06  Zergling x2  
  22  2:09  Zergling x2  
  23  2:20  Zergling x2  
  23  2:21  Zergling x2  
  25  2:35  Zergling x6  
  28  2:47  Overlord  
  28  3:05  Overlord  
  28  3:08  Zergling x2  
  28  3:10  Zergling x8  
  33  3:23  Zergling x4  
  35  3:28  Zergling x4  
  37  3:35  Zergling x2  
  37  3:40  Zergling x2  
  38  3:44  Zergling x2  
  38  3:45  Zergling x2  
Tags
 
Add a new tag
Caveats
  • Supply blocks, unpowered buildings, or Contaminate may cause inaccurate times.
  • Supply counts are checked every 10 seconds.